 Dungeon Crawl Stone Soup version 0.27.0-1-g7a089689b8 (webtiles) character file.

Game seed: 15988162988881698575

65 Ozzies the Skirmisher (level 3, -3/36 HPs)
             Began as a Minotaur Fighter on Aug 7, 2021.
             Slain by an orc (5 damage)
             ... on level 2 of the Dungeon.
             The game lasted 00:02:05 (1345 turns).

Ozzies the Skirmisher (Minotaur Fighter)            Turns: 1345, Time: 00:02:05

Health: -3/36      AC:  7    Str: 21    XL:     3   Next: 94%
Magic:  2/2        EV:  7    Int:  5    God:
Gold:   109        SH: 11    Dex:  9    Spells: 2/2 levels left

rFire    . . .     SeeInvis .   a - +0 trident
rCold    . . .     Faith    .   m - +2 kite shield
rNeg     . . .     Spirit   .   b - +0 scale mail
rPois    .         Reflect  .   (helmet restricted)
rElec    .         Harm     .   (no cloak)
rCorr    .         Rampage  .   (no gloves)
Will     .....                  (no boots)
Stlth    ..........             (no amulet)
HPRegen  0.12/turn              (no ring)
MPRegen  0.08/turn              (no ring)

@: studying Spellcasting
A: horns 2, retaliatory headbutt
a: no special abilities


You were on level 2 of the Dungeon.
You visited 1 branch of the dungeon, and saw 3 of its levels.

You collected 109 gold pieces.

Inventory:

Hand Weapons
 a - a +0 trident (weapon)
Missiles
 h - 83 stones (quivered)
 n - 36 poisoned darts
Armour
 b - a +0 scale mail (worn)
 c - a +0 kite shield
 m - a +2 kite shield (worn)
Jewellery
 g - a ring of fire
 i - a ring of willpower
Scrolls
 k - a scroll of immolation {unknown}
Potions
 d - a potion of might {@q3 !q}
 e - 2 potions of magic {unknown}
 f - a potion of lignification {unknown}
 j - 2 potions of brilliance {unknown}
 l - a potion of heal wounds {unknown}


   Skills:
 * Level 5.1 Fighting
 - Level 3.0 Polearms
 - Level 4.0 Armour
 - Level 4.0 Shields


You had 2 spell levels left.
You didn't know any spells.
Your spell library was empty.

Dungeon Overview and Level Annotations

Branches:
Dungeon (3/15)

Altars:


Innate Abilities, Weirdness & Mutations

You have a pair of horns on your head.
You reflexively headbutt those who attack you in melee.


Message History

The kobold shouts!
A kobold is nearby!
A kobold is nearby!
You reach to attack!
You hit the kobold.
You kill the kobold!
No target in view!
No target in view!
No target in view!
No target in view!
No target in view!
No target in view!
Done exploring.
Done exploring.
Done exploring.
Done exploring.
No target in view!
Search for what [Enter for "."]? .
You see here a +2 kite shield.
You start removing your armour.
You continue taking off your +0 kite shield. x4
You finish taking off your +0 kite shield.
You start putting on your armour.
You continue putting on your +2 kite shield. x5
You finish putting on your +2 kite shield.
Done exploring.
Done exploring.
Done exploring.
Done exploring.
Search for what [Enter for "."]? .
You are now empty-handed.
a - a +0 trident (weapon)
n - 16 poisoned darts
n - 25 poisoned darts (gained 9)
Things that are here:
a +0 dagger; an adder skeleton You see here a +0 buckler.
n - 36 poisoned darts (gained 11) Done exploring.
Done exploring.
Done exploring.
No target in view!
Search for what [Enter for "."]? .
(D) Dungeon
Where to? (Enter - D:2 @ (x,y), ? - help)
There is a stone staircase leading down here.
You climb downwards.
A bat and an orc priest come into view.
The orc priest shouts!
You hear a shout! x2
There is a stone staircase leading up here.
There are monsters nearby!
You reach to attack!
You barely miss the orc priest.
You hit the orc priest but do no damage.
The orc priest hits you with a +0 hand axe.
An orc comes into view. It is wielding a +0 short sword.
The orc priest calls down the wrath of Beogh upon you.
Beogh smites you!
You closely miss the orc priest. You hit the orc.
The orc is lightly wounded.
An orc comes into view. It is wielding a +0 hand axe.
You block the orc's attack.
Your shield prevents you from hitting the orc.
The orc is lightly wounded.
The orc barely misses you.
You hit the orc.
The orc is almost dead.
The orc barely misses you.
The orc priest invokes the aid of Beogh against you.
Beogh smites you! The orc hits you with a +0 short sword.
* * * LOW HITPOINT WARNING * * *
You are too injured to fight recklessly!
You are too injured to fight recklessly!
You are too injured to fight recklessly!
You are too injured to fight recklessly!
You are too injured to fight recklessly!
You are too injured to fight recklessly!
You are too injured to fight recklessly!
You are too injured to fight recklessly!
You are too injured to fight recklessly!
You are too injured to fight recklessly!
You are too injured to fight recklessly!
You are too injured to fight recklessly!
You are too injured to fight recklessly!
You are too injured to fight recklessly!
You block the orc's attack.
You climb upwards.
There is a stone staircase leading down here.
You closely miss the orc.
The orc is almost dead.
The orc hits you with a +0 short sword.
* * * LOW HITPOINT WARNING * * *
You closely miss the orc.
The orc is almost dead.
The orc hits you with a +0 short sword.
* * * LOW HITPOINT WARNING * * *
You block the orc's attack.
You barely miss the orc. Your headbutt misses the orc.
The orc is severely wounded.
The orc hits you with a +0 short sword.
You die...

#........# #...............
#...>....###..........##...
#........##...........##...
##....................##...
##.##.##.............##...
#.##..........#.###......
#..#............###......
##.#....<................
#.##..#@.####.##........
#.#...o..###⌠.⌠#........
#.#.#.#....##.##........
#..........#⌠_⌠##.......
#........#.##.##........
#..........#⌠.⌠#........
#...###.#..##.###.......
#..####...#.#.# #.##....
#..#.......†#.###.###...


You could see an orc.

Vanquished Creatures
  2 adders (D:2)
  2 dart slugs
  4 bats
  3 endoplasms (D:1)
  2 giant cockroaches
  2 hobgoblins
  8 jackals
  A quokka (D:1)
  A ball python (D:1)
  2 frilled lizards
  4 goblins
  3 kobolds (D:2)
  7 rats
41 creatures vanquished.

Notes
Turn   | Place    | Note
-------+----------+-------------------------------------------
     0 | D:1      | Ozzies the Minotaur Fighter began the quest for the Orb.
     0 | D:1      | Reached XP level 1. HP: 19/19 MP: 0/0
   176 | D:1      | Reached skill level 4 in Fighting
   176 | D:1      | Reached XP level 2. HP: 25/27 MP: 1/1
   707 | D:2      | Reached XP level 3. HP: 33/33 MP: 2/2
   886 | D:2      | Found a faded altar of an unknown god.
  1028 | D:2      | Reached skill level 5 in Fighting
  1345 | D:2      | Slain by an orc

Illustrated notes

Levels and vault maps discovered:
D:1:      dpeg_arrival_rooms_with_view, layout_loops_ring
D:2:      layout_rooms, ebering_ecumenical_altar_hall, minmay_octomino_e4
D:3:      layout_loops_corners, serial_aquarium, aquarium_bridge_square
          [aquarium_subvault_bridge, aquarium_subvault_bridge,
          aquarium_subvault_wall, aquarium_subvault_window],
          aquarium_window_corner, aquarium_window_corridor_1, aquarium_view_4,
          aquarium_balcony_double_2, aquarium_pool_2, roderic_malta_cross,
          uniq_ijyb

Skill      XL: |  1  2  3 |
---------------+----------+-----
Fighting       | 4 5 |  5.1
Armour         | 4 |  4.0
Shields        | 4 |  4.0
Polearms       | 3 |  3.0

Action                   || total
-------------------------++-------
Melee: Trident           ||   102
       Headbutt          ||    10
Armor: Scale mail        ||    36
Dodge: Dodged            ||    19
Block: Kite shield       ||    40
